AoeStats
← Dragon

African Clearing

506491924Analyzed
4v4 RM · 19d ago on Sep 13, 2026· 46m 58s· 8 players
Game mode
Random Map
Map size
Large (8 player)
Population
200
Speed
Normal
Resources
Standard
Victory
Conquest
Starting age
Dark Age
Ending age
Imperial Age
RankedLock teamsTeams togetherTeam positionsShared explorationLock speedFull tech treeHidden civsTurbo modeCheats
Victory
Defeat
🇨🇳 Vietnamese · China
1433
+12
🇨🇳 Turks · China
1345
+15
🇭🇰 Khmer · Hong Kong SAR China
1308
+17
🇬🇧 Chinese · United Kingdom
1297
+17
🇦🇹 Mongols · Austria
1350
-16
🇩🇪 Italians · Germany
1317
-15
🇩🇪 Burmese · Germany
1315
-15
🇩🇪 Wu · Germany
1314
-15
Who am I
5:05 Loom
13:02 Feudal Age
14:16 Double-Bit Axe
17:48 Wheelbarrow
17:36 Horse Collar
20:42 Gold Mining
22:21 Fletching
23:24 Stone Mining
26:29 Castle Age
25:50 Padded Archer Armor
27:49 Bow Saw
27:06 Crossbowman
27:42 Bodkin Arrow
29:03 Pikeman
30:22 Heavy Plow
32:58 Squires
34:17 Hand Cart
35:27 Red Cliffs Tactics
36:07 Leather Archer Armor
40:48 Imperial Age
39:52 Arson
41:58 Conscription
42:36 Halberdier
Dragon
6:35 Loom
12:22 Feudal Age
19:46 Castle Age
18:34 Fletching
22:37 Double-Bit Axe
40:42 Imperial Age
38:37 Bodkin Arrow
38:43 Padded Archer Armor
43:17 Conscription
44:12 Ballistics
45:44 Wheelbarrow
46:58 Thumb Ring
46:14 Elite Skirmisher
siggi-lok
3:54 Loom
15:15 Feudal Age
20:12 Castle Age
24:16 Scale Mail Armor
24:26 Forging
24:07 Fletching
24:16 Gold Mining
24:18 Stone Mining
24:11 Horse Collar
26:01 Chain Mail Armor
29:48 Scale Barding Armor
32:34 Iron Casting
32:19 Chain Barding Armor
33:01 Wheelbarrow
32:11 Town Watch
48:39 Imperial Age
46:50 Squires
Mr. Curse
4:27 Loom
12:29 Feudal Age
13:49 Wheelbarrow
13:00 Double-Bit Axe
13:48 Horse Collar
19:35 Castle Age
18:12 Stone Mining
18:13 Gold Mining
20:25 Heavy Plow
20:37 Bow Saw
21:28 Stone Shaft Mining
21:31 Gold Shaft Mining
23:55 Fletching
24:56 Bodkin Arrow
27:36 Hand Cart
28:00 Padded Archer Armor
29:03 Bloodlines
29:17 Ballistics
29:35 Thumb Ring
31:11 Husbandry
31:46 Leather Archer Armor
37:24 Imperial Age
38:09 Bracer
39:27 Chemistry
41:00 Conscription
40:11 Elite Mangudai
41:19 Conscription
42:40 Parthian Tactics
43:32 Scale Barding Armor
43:38 Forging
43:04 Elite Skirmisher
43:06 Light Cavalry
44:25 Hussar
47:24 Chain Barding Armor
虫
4:23 Loom
13:57 Feudal Age
18:14 Castle Age
16:32 Double-Bit Axe
18:28 Town Watch
19:59 Bow Saw
20:38 Town Patrol
21:14 Wheelbarrow
21:36 Horse Collar
25:05 Heavy Plow
29:05 Hand Cart
30:54 Gold Mining
30:55 Stone Mining
36:06 Imperial Age
34:57 Fortified Wall
36:38 Scale Barding Armor
36:43 Forging
37:25 Gold Shaft Mining
37:24 Crop Rotation
36:58 Husbandry
37:09 Bloodlines
38:49 Stone Shaft Mining
40:15 Chain Barding Armor
40:30 Iron Casting
40:35 Conscription
40:16 Double Crossbow
41:04 Siege Engineers
41:20 Ballistics
43:29 Chemistry
42:00 Elite Ballista Elephant
44:03 Fletching
44:49 Plate Barding Armor
45:16 Blast Furnace
45:08 Bodkin Arrow
44:52 Elite Battle Elephant
45:55 Padded Archer Armor
45:54 Murder Holes
46:36 Capped Ram
boluwatifeajibade
2:58 Loom
11:23 Feudal Age
12:24 Double-Bit Axe
17:30 Fletching
22:44 Castle Age
21:36 Scale Barding Armor
21:42 Padded Archer Armor
22:54 Bloodlines
23:21 Scale Barding Armor
27:24 Bow Saw
32:15 Husbandry
33:23 Chain Barding Armor
34:49 Forging
38:45 Imperial Age
36:51 Wheelbarrow
36:59 Bodkin Arrow
37:05 Gold Mining
37:06 Stone Mining
38:49 Leather Archer Armor
38:48 Cavalier
40:05 Plate Barding Armor
40:20 Iron Casting
39:45 Bracer
40:18 Elite Skirmisher
41:29 Thumb Ring
42:06 Bracer
42:21 Leather Archer Armor
42:28 Ballistics
43:09 Chemistry
43:34 Conscription
44:13 Ring Archer Armor
46:09 Elite Chu Ko Nu
嘉宝哥哥
8:50 Loom
14:25 Feudal Age
16:08 Town Watch
20:16 Castle Age
18:11 Horse Collar
21:46 Crossbowman
24:10 Fletching
32:05 Padded Archer Armor
32:18 Bodkin Arrow
34:13 Leather Archer Armor
40:09 Wheelbarrow
40:03 Town Patrol
40:13 Double-Bit Axe
42:27 Ballistics
42:30 Bow Saw
42:27 Heavy Plow
42:43 Hand Cart
42:53 Chatras
47:25 Imperial Age
46:23 Thumb Ring
小米哥哥
4:45 Loom
14:02 Feudal Age
17:55 Castle Age
16:20 Double-Bit Axe
17:06 Town Watch
17:25 Horse Collar
19:45 Wheelbarrow
20:08 Town Watch
21:48 Bow Saw
31:47 Imperial Age
29:52 Gold Mining
29:52 Stone Mining
30:10 Heavy Plow
31:58 Scale Barding Armor
32:18 Forging
33:18 Chain Barding Armor
33:31 Conscription
34:06 Husbandry
34:17 Bloodlines
35:33 Plate Barding Armor
35:24 Stone Mining
37:13 Iron Casting
37:49 Hand Cart
38:37 Two-Man Saw
40:40 Coinage
42:03 Blast Furnace
42:48 Treadmill Crane
Connection lost

Rejoining the realm…

Still unreachable

The connection could not be restored.

Session expired

The server has moved on; the page needs a fresh start.